MLB
BALTIMORE ORIOLES @ NEW YORK YANKEES
08/13/2046
 
TOP OF THE 1ST
Baltimore Orioles batting - Pitching for New York Yankees : LHP Francisco Rivas
Pitching: LHP Francisco Rivas
Batting: RHB Jesse Basich 0-0: Swinging Strike
0-1: Fly out, F9 (Flyball, 89D, EV 103.8 MPH)
Batting: SHB Robert Handy 0-0: Foul Ball, location: 2F
0-1: Foul Ball, location: 2F
0-2: Ball
1-2: Ground out 4-3 (Groundball, 4, EV 103.8 MPH)
Batting: RHB Rudo Garciaparra 0-0: Ground out 6-3 (Groundball, 6, EV 106.2 MPH)
Top of the 1st over - 0 runs, 0 hits, 0 errors, 0 left on base; Baltimore 0 - New York 0
BOTTOM OF THE 1ST
New York Yankees batting - Pitching for Baltimore Orioles : LHP Aldo Questi
Pitching: LHP Aldo Questi
Batting: LHB Jordan de Jesus 0-0: Bunt for hit to 23 - play at first, batter safe!
Batting: RHB C.J. Richerson 0-0: 2-RUN HOME RUN (Flyball, 7D, EV 109.4 MPH) (Inside the Park)
Batting: SHB Bartholomeu Chambino 0-0: Called Strike
0-1: Ball
1-1: DOUBLE (Groundball, 5L, EV 105.0 MPH)
Batting: LHB Evan Torraville 0-0: Called Strike
0-1: Swinging Strike
0-2: Ball
1-2: Foul Ball, location: 2F
1-2: SINGLE (Groundball, 34D, EV 103.8 MPH) (infield hit)
Bartholomeu Chambino to third
Batting: RHB Geni Prawiranega 0-0: Ball
1-0: SINGLE (Groundball, 56D, EV 95.0 MPH)
Bartholomeu Chambino scores
Evan Torraville to second
Batting: LHB Jason Peck 0-0: Ball
Evan Torraville steals 3rd base
1-0: Fielders Choice at 2nd, 5-4 (Groundball, 25, EV 88.8 MPH)
Evan Torraville scores
Batting: RHB James Boynton 0-0: Ball
1-0: Foul Ball, location: 2F
1-1: Swinging Strike
1-2: Ball
2-2: Ball
3-2: Foul Ball, location: 2F
3-2: Strikes out looking
Batting: LHB David Bramble 0-0: Fly out, F7 (Flyball, 78M, EV 93.8 MPH)
Bottom of the 1st over - 4 runs, 5 hits, 0 errors, 1 left on base; Baltimore 0 - New York 4
TOP OF THE 2ND
Baltimore Orioles batting - Pitching for New York Yankees : LHP Francisco Rivas
Batting: RHB Saimei Kudo 0-0: Ball
1-0: SINGLE (Line Drive, 7S, EV 95.0 MPH)
Batting: LHB Bob Melley 0-0: Called Strike
0-1: Swinging Strike
0-2: Strikes out swinging
Batting: RHB Muneer Maudad 0-0: Foul Ball, location: 2F
0-1: Called Strike
0-2: Ball
1-2: Ball
2-2: Foul Ball, location: 2F
2-2: Strikes out looking
Batting: LHB Ernesto Cedillos 0-0: Called Strike
Saimei Kudo steals 2nd base
0-1: Ball
1-1: Fly out, F7 (Flyball, 78M, EV 84.4 MPH)
Top of the 2nd over - 0 runs, 1 hit, 0 errors, 1 left on base; Baltimore 0 - New York 4
BOTTOM OF THE 2ND
New York Yankees batting - Pitching for Baltimore Orioles : LHP Aldo Questi
Batting: LHB Yao-pang Tien 0-0: Foul Ball, location: 2F
0-1: SINGLE (Flyball, 8LS, EV 93.1 MPH)
Batting: LHB Jordan de Jesus 0-0: Ball
1-0: Ball
2-0: Foul Ball, location: 2F
2-1: Ball
3-1: Fielders Choice at 2nd, 4-6 (Groundball, 34S, EV 81.2 MPH)
Batting: RHB C.J. Richerson 0-0: Called Strike
0-1: Foul Ball, location: 2F
0-2: Foul Ball, location: 2F
0-2: Ball
Jordan de Jesus steals 2nd base
1-2: Foul Ball, location: 2F
1-2: Foul Ball, location: 2F
1-2: Fly out, F7 (Flyball, 78M, EV 90.6 MPH)
Batting: SHB Bartholomeu Chambino 0-0: Ball
1-0: Ball
2-0: Ball
3-0: Base on Balls
Batting: LHB Evan Torraville 0-0: Ball
1-0: Foul Ball, location: 2F
1-1: Foul Ball, location: 2F
1-2: Ball
2-2: Strikes out looking
Bottom of the 2nd over - 0 runs, 1 hit, 0 errors, 2 left on base; Baltimore 0 - New York 4
TOP OF THE 3RD
Baltimore Orioles batting - Pitching for New York Yankees : LHP Francisco Rivas
Batting: RHB Blake Ballard 0-0: Called Strike
0-1: Ball
1-1: Foul Ball, location: 2F
1-2: SINGLE (Groundball, 56D, EV 100.0 MPH)
Batting: RHB Andres Leon 0-0: Ball
Blake Ballard steals 2nd base
1-0: Ball
2-0: Called Strike
2-1: Foul Ball, location: 2F
2-2: Ball
3-2: Reached on error, E1 (Groundball, 15S, EV 67.5 MPH)
Blake Ballard to third
Batting: RHB Jesse Basich 0-0: Fielders Choice at 2nd, 4-6 (Groundball, 34S, EV 84.4 MPH)
Blake Ballard scores
Batting: SHB Robert Handy 0-0: Ball
1-0: Grounds into double play, 3-6-1 (Groundball, 23, EV 84.4 MPH)
Top of the 3rd over - 1 run, 1 hit, 1 error, 0 left on base; Baltimore 1 - New York 4
BOTTOM OF THE 3RD
New York Yankees batting - Pitching for Baltimore Orioles : LHP Aldo Questi
Batting: RHB Geni Prawiranega 0-0: Ball
1-0: Ball
2-0: Ground out 6-3 (Groundball, 6, EV 103.8 MPH)
Batting: LHB Jason Peck 0-0: Ball
1-0: Swinging Strike
1-1: Ball
2-1: Ball
3-1: Ground out 1-3 (Groundball, 13S, EV 63.8 MPH)
Batting: RHB James Boynton 0-0: Ball
1-0: Foul Ball, location: 2F
1-1: Ground out 6-3 (Groundball, 6, EV 75.6 MPH)
Bottom of the 3rd over - 0 runs, 0 hits, 0 errors, 0 left on base; Baltimore 1 - New York 4
TOP OF THE 4TH
Baltimore Orioles batting - Pitching for New York Yankees : LHP Francisco Rivas
Batting: RHB Rudo Garciaparra 0-0: Called Strike
0-1: Ball
1-1: Ball
2-1: Called Strike
2-2: Ball
3-2: Fly out, F7 (Flyball, 78S, EV 90.0 MPH)
Batting: RHB Saimei Kudo 0-0: DOUBLE (Flyball, 8LXD, EV 88.1 MPH)
Batting: LHB Bob Melley 0-0: Called Strike
0-1: Foul Ball, location: 2F
0-2: SINGLE (Line Drive, 3D, EV 94.4 MPH)
Saimei Kudo to third
Runner from 3rd tries for Home, throw by RF and OUT! 9-2
Batting: RHB Muneer Maudad 0-0: Ball
Bob Melley steals 2nd base
1-0: Foul Ball, location: 2F
1-1: Ball
2-1: Called Strike
2-2: Strikes out looking
Top of the 4th over - 0 runs, 2 hits, 0 errors, 1 left on base; Baltimore 1 - New York 4
BOTTOM OF THE 4TH
New York Yankees batting - Pitching for Baltimore Orioles : LHP Aldo Questi
Batting: LHB David Bramble 0-0: Called Strike
0-1: Ball
1-1: Called Strike
1-2: Strikes out swinging
Batting: LHB Yao-pang Tien 0-0: Ball
1-0: Fly out, F6 (Flyball, 6D, EV 81.9 MPH)
Batting: LHB Jordan de Jesus 0-0: Called Strike
0-1: DOUBLE (Line Drive, 7LM, EV 103.1 MPH)
Batting: RHB C.J. Richerson 0-0: SINGLE (Groundball, 4M, EV 109.4 MPH) (infield hit)
Jordan de Jesus to third
Batting: SHB Bartholomeu Chambino 0-0: Swinging Strike
0-1: Ball
1-1: Foul Ball, location: 2F
1-2: Ball
2-2: Strikes out swinging
Bottom of the 4th over - 0 runs, 2 hits, 0 errors, 2 left on base; Baltimore 1 - New York 4
TOP OF THE 5TH
Baltimore Orioles batting - Pitching for New York Yankees : LHP Francisco Rivas
Batting: LHB Ernesto Cedillos 0-0: Called Strike
0-1: Ball
1-1: Called Strike
1-2: Foul Ball, location: 2F
1-2: Strikes out looking
Batting: RHB Blake Ballard 0-0: Swinging Strike
0-1: Ball
1-1: Foul Ball, location: 2F
1-2: Strikes out looking
Batting: RHB Andres Leon 0-0: Ball
1-0: Ball
2-0: Called Strike
2-1: SOLO HOME RUN (Flyball, 9D, EV 100.0 MPH), Distance : 370 ft
Batting: RHB Jesse Basich 0-0: Ball
1-0: SINGLE (Groundball, 6MD, EV 110.6 MPH)
Batting: SHB Robert Handy 0-0: Ball
1-0: Swinging Strike
1-1: Ball
2-1: Foul Ball, location: 2F
2-2: Ball
3-2: SINGLE (Groundball, 4D, EV 95.6 MPH)
Jesse Basich to second
Jesse Basich to third
Batting: RHB Rudo Garciaparra 0-0: Called Strike
0-1: Called Strike
0-2: Strikes out swinging
Top of the 5th over - 1 run, 3 hits, 0 errors, 2 left on base; Baltimore 2 - New York 4
BOTTOM OF THE 5TH
New York Yankees batting - Pitching for Baltimore Orioles : LHP Aldo Questi
Batting: LHB Evan Torraville 0-0: Ball
1-0: Ground out 6-3 (Groundball, 6, EV 90.6 MPH)
Batting: RHB Geni Prawiranega 0-0: Ball
1-0: Ground out 6-3 (Groundball, 6, EV 82.5 MPH)
Batting: LHB Jason Peck 0-0: Ball
1-0: Called Strike
1-1: Foul Ball, location: 2F
1-2: Ball
2-2: Strikes out looking
Bottom of the 5th over - 0 runs, 0 hits, 0 errors, 0 left on base; Baltimore 2 - New York 4
TOP OF THE 6TH
Baltimore Orioles batting - Pitching for New York Yankees : LHP Francisco Rivas
Batting: RHB Saimei Kudo 0-0: Foul Ball, location: 2F
0-1: SINGLE (Line Drive, 8RS, EV 86.9 MPH)
Batting: LHB Bob Melley 0-0: Swinging Strike
0-1: Called Strike
Saimei Kudo steals 2nd, throwing error, E2
Saimei Kudo to third
0-2: Ground out 5-3 (Groundball, 56S, EV 72.5 MPH)
Batting: RHB Muneer Maudad 0-0: Ball
1-0: Foul Ball, location: 2F
1-1: Called Strike
1-2: Foul Ball, location: 2F
1-2: Strikes out swinging
Batting: LHB Ernesto Cedillos 0-0: Foul Ball, location: 2F
0-1: Ball
1-1: Foul Ball, location: 2F
1-2: Strikes out swinging
Top of the 6th over - 0 runs, 1 hit, 1 error, 1 left on base; Baltimore 2 - New York 4
BOTTOM OF THE 6TH
New York Yankees batting - Pitching for Baltimore Orioles : LHP Aldo Questi
Batting: RHB James Boynton 0-0: Swinging Strike
0-1: Swinging Strike
0-2: Ball
1-2: Strikes out swinging
Batting: LHB David Bramble 0-0: Ball
1-0: Fly out, F9 (Flyball, 9D, EV 95.6 MPH)
Batting: LHB Yao-pang Tien 0-0: Ball
1-0: Called Strike
1-1: Ball
2-1: DOUBLE (Line Drive, 5D, EV 98.8 MPH)
Batting: LHB Jordan de Jesus 0-0: Ball
1-0: Ball
2-0: DOUBLE (Flyball, 78D, EV 110.0 MPH)
Yao-pang Tien scores
Pitching: RHP Mike Hurst
Batting: RHB C.J. Richerson 0-0: Ball
1-0: Ball
2-0: Ball
3-0: Base on Balls
Batting: SHB Bartholomeu Chambino 0-0: Ball
1-0: Ball
2-0: Ball
3-0: Called Strike
3-1: Foul Ball, location: 2F
3-2: Foul Ball, location: 2F
3-2: Base on Balls
Jordan de Jesus to third
C.J. Richerson to second
Batting: LHB Evan Torraville 0-0: Foul Ball, location: 2F
0-1: Ball
1-1: Foul Ball, location: 2F
1-2: Strikes out swinging
Bottom of the 6th over - 1 run, 2 hits, 0 errors, 3 left on base; Baltimore 2 - New York 5
TOP OF THE 7TH
Baltimore Orioles batting - Pitching for New York Yankees : LHP Francisco Rivas
Batting: RHB Blake Ballard 0-0: Ball
1-0: Ball
2-0: Ball
3-0: Called Strike
3-1: Foul Ball, location: 2F
3-2: Strikes out looking
Batting: RHB Andres Leon 0-0: Ground out 5-3 (Groundball, 56, EV 84.4 MPH)
Batting: RHB Jesse Basich 0-0: Ball
1-0: Ball
2-0: Called Strike
2-1: Foul Ball, location: 2F
2-2: Fly out, F8 (Line Drive, 8RD, EV 97.5 MPH)
Top of the 7th over - 0 runs, 0 hits, 0 errors, 0 left on base; Baltimore 2 - New York 5
BOTTOM OF THE 7TH
New York Yankees batting - Pitching for Baltimore Orioles : RHP Mike Hurst
Batting: RHB Geni Prawiranega 0-0: Ball
1-0: Ball
2-0: Ball
3-0: Base on Balls
Batting: LHB Jason Peck 0-0: Bunted foul
0-1: Sac Bunt to 25 - play at first, batter OUT! 5-3
Geni Prawiranega to second
Batting: RHB James Boynton 0-0: Ball
1-0: Swinging Strike
1-1: Swinging Strike
1-2: Strikes out looking
Batting: LHB David Bramble 0-0: Ball
1-0: Called Strike
1-1: 2-RUN HOME RUN (Flyball, 9LD, EV 91.2 MPH), Distance : 332 ft
Batting: LHB Yao-pang Tien 0-0: Hit by Pitch, AND HE CHARGES THE MOUND! The benches clear!
Pitching: LHP Jamie Tanner
Pinch Runner at 1st Jarrod Joyce:
Batting: LHB Jordan de Jesus 0-0: Ball
1-0: Ground out 5-3 (Groundball, 25, EV 87.5 MPH)
Bottom of the 7th over - 2 runs, 1 hit, 0 errors, 1 left on base; Baltimore 2 - New York 7
TOP OF THE 8TH
Baltimore Orioles batting - Pitching for New York Yankees : LHP Francisco Rivas
Pitching: RHP Jose Tavira
Now in LF: Kazuyoshi Nakamura
Batting: SHB Robert Handy 0-0: Foul Ball, location: 2F
0-1: Ball
1-1: Ground out 4-3 (Groundball, 34D, EV 88.1 MPH)
Batting: RHB Rudo Garciaparra 0-0: Called Strike
0-1: Ball
1-1: Ball
2-1: Called Strike
2-2: Strikes out swinging
Batting: RHB Saimei Kudo 0-0: Ball
1-0: Fly out, F6 (Popup, 6M, EV 63.8 MPH)
Top of the 8th over - 0 runs, 0 hits, 0 errors, 0 left on base; Baltimore 2 - New York 7
BOTTOM OF THE 8TH
New York Yankees batting - Pitching for Baltimore Orioles : LHP Jamie Tanner
Batting: RHB C.J. Richerson 0-0: Ball
1-0: Called Strike
1-1: Ground out 6-3 (Groundball, 6, EV 99.4 MPH)
Batting: SHB Bartholomeu Chambino 0-0: Ball
1-0: Called Strike
1-1: Ball
2-1: Ball
3-1: Base on Balls
Batting: LHB Evan Torraville
DELAY Rain delay of 47 minutes in the 8th inning.
0-0: Ball
1-0: Called Strike
1-1: Called Strike
1-2: Foul Ball, location: 2F
1-2: Strikes out swinging
Batting: RHB Geni Prawiranega 0-0: Called Strike
0-1: Called Strike
0-2: Ball
1-2: Ball
2-2: Ball
3-2: Strikes out swinging
Bottom of the 8th over - 0 runs, 0 hits, 0 errors, 1 left on base; Baltimore 2 - New York 7
TOP OF THE 9TH
Baltimore Orioles batting - Pitching for New York Yankees : RHP Jose Tavira
Batting: LHB Bob Melley 0-0: Called Strike
0-1: Foul Ball, location: 2F
0-2: Foul Ball, location: 2F
0-2: Foul Ball, location: 2F
0-2: Ball
1-2: Foul Ball, location: 2F
1-2: Ground out U3 (Groundball, 34S, EV 85.6 MPH)
Batting: RHB Muneer Maudad 0-0: Ground out 5-3 (Groundball, 56S, EV 83.8 MPH)
Batting: LHB Ernesto Cedillos 0-0: Ball
1-0: Called Strike
1-1: Fly out, F5 (Popup, 5SF, EV 85.0 MPH)
Top of the 9th over - 0 runs, 0 hits, 0 errors, 0 left on base; Baltimore 2 - New York 7
Tuesday, September 13th , 2022 - OOTP Baseball 23.7 Build 88